[ PARTIDA AOE2 · #486800535 ]
UnrankedMongoles vs Italians
Equipo del jugador · VICT
Equipo rival · DERR
[ ANÁLISIS DE REPETICIÓN · EXTRAÍDO DE LA PARTIDA GRABADA ]
Feudal
9:23
Castillos
17:29
Imperial
35:40
| APM promedio | 22.5 |
| APM pico | 69 |
| eAPM promedio | 10.7 |
| Aldeanos / militares | 111 / 365 |
Foco
⚔️ 35.5% · 🌾 64.5%
Skirmisher ×94 · Mangudai ×81 · Cavalry Archer ×72 · Knight ×33 · Archer ×25 · Steppe Lancer ×25
Feudal
10:05
Castillos
18:50
Imperial
36:05
| APM promedio | 15.7 |
| APM pico | 107 |
| eAPM promedio | 13.1 |
| Aldeanos / militares | 124 / 325 |
Foco
⚔️ 44.5% · 🌾 55.5%
Skirmisher ×183 · Genoese Crossbowman ×59 · Scorpion ×40 · Bombard Cannon ×25 · Trebuchet (Packed) ×10 · Mangonel ×6
Mapa de la partida
Recursos iniciales + cada clic de construcción. Líneas = muros · curvas = relieve. ◆ oro · ⬟ piedra · ● bayas · ✦ reliquia · ◌ hueco del cierre
Tu base· ✓ Cerrada en 17:29 · 0t muro · 2 puerta(s)
Base de Limoncello· ✓ Cerrada en 18:50 · 0t muro · 2 puerta(s)
Terreno inicial suavizado · ◌ = hueco del cierre detectado · pasá el cursor para detalles
Inputs por minuto
— Chiliredhot - - Limoncello
Build order — Chiliredhot
Primeras 150 de 347 acciones detectadas
| 0:01 | Crear | Villager (Male) |
| 0:01 | Crear | Villager (Male) |
| 0:02 | Crear | Villager (Male) |
| 0:02 | Construir | House |
| 0:03 | Construir | House |
| 0:07 | Crear | Villager (Male) |
| 0:08 | Crear | Villager (Male) |
| 1:36 | Crear | Villager (Male) |
| 2:04 | Crear | Villager (Male) |
| 2:33 | Crear | Villager (Male) |
| 2:39 | Construir | House |
| 2:40 | Construir | House |
| 2:58 | Crear | Villager (Male) |
| 2:58 | Crear | Villager (Male) |
| 2:59 | Crear | Villager (Male) |
| 3:35 | Crear | Villager (Male) |
| 3:54 | Construir | Mill |
| 4:00 | Crear | Villager (Male) |
| 4:01 | Crear | Villager (Male) |
| 4:33 | Construir | Lumber Camp |
| 5:33 | Crear | Villager (Male) |
| 5:34 | Crear | Villager (Male) |
| 5:34 | Crear | Villager (Male) |
| 5:38 | Crear | Villager (Male) |
| 5:38 | Crear | Villager (Male) |
| 7:12 | Investigar | Feudal Age |
| 7:52 | Construir | Barracks |
| 8:05 | Construir | Mining Camp |
| 8:23 | Construir | Mining Camp |
| 8:44 | Crear | Villager (Male) ×5 |
| 8:45 | Investigar | Loom |
| 8:50 | Construir | House |
| 8:53 | Construir | House |
| 8:59 | Construir | House |
| 9:04 | Construir | House |
| 9:05 | Construir | House |
| 9:06 | Construir | House |
| 9:07 | Construir | House |
| 9:23 | Edad | Edad Feudal |
| 9:26 | Crear | Villager (Male) ×5 |
| 10:12 | Investigar | Wheelbarrow |
| 11:27 | Construir | Archery Range |
| 12:08 | Construir | Blacksmith |
| 12:29 | Construir | Farm |
| 12:44 | Construir | Farm |
| 12:53 | Construir | Farm |
| 13:13 | Construir | Farm |
| 13:52 | Construir | Farm |
| 13:52 | Construir | Farm |
| 14:05 | Investigar | Castle Age |
| 14:10 | Construir | Farm |
| 14:11 | Construir | Farm |
| 14:11 | Construir | Farm |
| 14:11 | Construir | Farm |
| 14:17 | Construir | Farm |
| 14:52 | Crear | Villager (Male) |
| 15:03 | Investigar | Double-Bit Axe |
| 15:25 | Investigar | Horse Collar |
| 15:50 | Crear | Archer ×5 |
| 16:10 | Construir | Stable |
| 16:19 | Crear | Villager (Male) |
| 16:20 | Crear | Villager (Male) |
| 16:21 | Investigar | Town Watch |
| 17:29 | Edad | Edad de los Castillos |
| 17:33 | Construir | Town Center |
| 17:46 | Investigar | Hand Cart |
| 17:47 | Crear | Villager (Male) |
| 18:03 | Crear | Villager (Male) ×2 |
| 18:33 | Crear | Villager (Male) |
| 18:37 | Crear | Villager (Male) |
| 18:43 | Construir | Farm |
| 18:43 | Construir | Farm |
| 19:18 | Construir | House |
| 19:20 | Construir | House |
| 19:21 | Construir | House |
| 19:22 | Construir | House |
| 19:23 | Construir | House |
| 19:25 | Construir | House |
| 19:26 | Construir | House |
| 19:29 | Construir | House |
| 19:30 | Construir | House |
| 19:36 | Construir | House |
| 20:05 | Crear | Villager (Male) |
| 20:06 | Crear | Villager (Male) |
| 20:06 | Crear | Villager (Male) |
| 20:48 | Investigar | Town Patrol |
| 20:52 | Crear | Villager (Male) |
| 20:59 | Construir | Farm |
| 20:59 | Construir | Farm |
| 20:59 | Construir | Farm |
| 20:59 | Construir | Farm |
| 21:13 | Crear | Villager (Male) ×5 |
| 21:35 | Crear | Villager (Male) |
| 21:47 | Construir | Town Center |
| 22:24 | Crear | Villager (Male) ×5 |
| 23:04 | Investigar | Bow Saw |
| 23:19 | Crear | Villager (Male) |
| 23:29 | Crear | Villager (Male) ×5 |
| 23:51 | Crear | Villager (Male) |
| 23:53 | Crear | Villager (Male) |
| 24:21 | Construir | Stable |
| 24:30 | Construir | Mining Camp |
| 24:46 | Construir | Farm |
| 24:53 | Crear | Villager (Male) ×5 |
| 24:55 | Construir | Farm |
| 25:01 | Construir | Farm |
| 25:21 | Construir | Castle |
| 25:35 | Crear | Villager (Male) ×5 |
| 25:51 | Crear | Villager (Male) ×5 |
| 25:56 | Crear | Villager (Male) |
| 25:59 | Crear | Villager (Male) |
| 26:22 | Construir | Town Center |
| 26:32 | Construir | Monastery |
| 26:54 | Construir | Farm |
| 26:54 | Construir | Farm |
| 27:09 | Crear | Monk |
| 27:10 | Investigar | Fervor |
| 27:21 | Investigar | Husbandry |
| 27:22 | Investigar | Bloodlines |
| 27:35 | Investigar | Fletching |
| 27:35 | Investigar | Padded Archer Armor |
| 27:40 | Investigar | Nomads |
| 27:42 | Crear | Mangudai |
| 27:51 | Crear | Villager (Male) ×5 |
| 28:02 | Crear | Villager (Male) |
| 28:03 | Crear | Villager (Male) |
| 28:06 | Crear | Villager (Male) |
| 28:07 | Crear | Villager (Male) |
| 28:41 | Crear | Villager (Male) ×5 |
| 29:02 | Investigar | Thumb Ring |
| 29:12 | Crear | Mangudai ×5 |
| 29:39 | Construir | University |
| 30:05 | Crear | Monk |
| 30:13 | Crear | Villager (Male) ×5 |
| 30:20 | Construir | Farm |
| 30:21 | Construir | Farm |
| 30:21 | Construir | Farm |
| 30:36 | Investigar | Heavy Plow |
| 30:41 | Investigar | Bodkin Arrow |
| 30:41 | Investigar | Leather Archer Armor |
| 31:00 | Construir | Farm |
| 31:01 | Construir | Farm |
| 31:01 | Construir | Farm |
| 31:01 | Construir | Farm |
| 31:28 | Crear | Knight |
| 31:29 | Crear | Knight |
| 32:27 | Investigar | Ballistics |
| 32:30 | Investigar | Imperial Age |
| 32:48 | Crear | Monk |
| 33:33 | Construir | Farm |
Build order — Limoncello
Primeras 150 de 327 acciones detectadas
| 0:00 | Crear | Villager (Male) |
| 0:01 | Crear | Villager (Male) |
| 0:01 | Crear | Villager (Male) |
| 0:01 | Crear | Villager (Male) |
| 0:03 | Construir | House |
| 0:05 | Construir | House |
| 1:21 | Crear | Villager (Male) |
| 1:44 | Crear | Villager (Male) |
| 1:49 | Construir | Lumber Camp |
| 2:16 | Crear | Villager (Male) |
| 2:51 | Crear | Villager (Male) |
| 3:23 | Crear | Villager (Male) |
| 3:40 | Construir | House |
| 3:53 | Crear | Villager (Male) |
| 4:14 | Construir | Mill |
| 4:44 | Crear | Villager (Male) |
| 5:09 | Crear | Villager (Male) |
| 5:24 | Crear | Villager (Male) |
| 5:55 | Crear | Villager (Male) |
| 6:26 | Crear | Villager (Male) |
| 6:47 | Crear | Villager (Male) |
| 7:03 | Construir | House |
| 7:19 | Crear | Villager (Male) |
| 7:32 | Crear | Villager (Male) |
| 7:48 | Investigar | Feudal Age |
| 9:03 | Construir | House |
| 9:18 | Construir | Barracks |
| 9:25 | Crear | Villager (Male) |
| 9:56 | Construir | Farm |
| 9:56 | Construir | Farm |
| 9:56 | Construir | Farm |
| 9:56 | Construir | Farm |
| 9:56 | Construir | Farm |
| 9:57 | Construir | Farm |
| 9:57 | Construir | Farm |
| 9:59 | Crear | Villager (Male) |
| 10:05 | Edad | Edad Feudal |
| 10:08 | Investigar | Double-Bit Axe |
| 10:40 | Investigar | Man-at-Arms (upgrade) |
| 10:41 | Investigar | Arson |
| 11:02 | Crear | Villager (Male) |
| 11:15 | Construir | Mill |
| 11:21 | Crear | Villager (Male) |
| 11:26 | Construir | Farm |
| 11:26 | Construir | Farm |
| 11:30 | Crear | Villager (Male) |
| 11:59 | Crear | Villager (Male) |
| 12:32 | Construir | House |
| 12:43 | Crear | Villager (Male) |
| 13:10 | Construir | Mining Camp |
| 13:13 | Crear | Villager (Male) |
| 13:17 | Construir | Farm |
| 14:03 | Crear | Villager (Male) |
| 14:44 | Construir | Market |
| 14:49 | Construir | Blacksmith |
| 14:52 | Crear | Villager (Male) |
| 15:02 | Crear | Villager (Male) |
| 15:03 | Crear | Villager (Male) |
| 15:39 | Construir | House |
| 15:40 | Construir | House |
| 15:41 | Construir | House |
| 15:42 | Construir | House |
| 16:10 | Investigar | Castle Age |
| 16:18 | Construir | Mining Camp |
| 17:48 | Construir | Archery Range |
| 17:55 | Construir | Archery Range |
| 18:17 | Crear | Skirmisher |
| 18:17 | Crear | Skirmisher |
| 18:18 | Crear | Skirmisher |
| 18:45 | Crear | Villager (Male) |
| 18:45 | Crear | Villager (Male) |
| 18:50 | Edad | Edad de los Castillos |
| 18:51 | Crear | Skirmisher |
| 18:51 | Crear | Skirmisher |
| 18:52 | Crear | Skirmisher |
| 19:06 | Investigar | Bow Saw |
| 19:11 | Investigar | Elite Skirmisher (upgrade) |
| 19:40 | Crear | Villager (Male) |
| 20:51 | Crear | Villager (Male) |
| 20:51 | Crear | Villager (Male) |
| 21:00 | Construir | Town Center |
| 21:22 | Crear | Villager (Male) |
| 21:40 | Investigar | Padded Archer Armor |
| 21:41 | Investigar | Fletching |
| 22:04 | Crear | Spearman |
| 22:04 | Crear | Spearman |
| 22:25 | Crear | Villager (Male) |
| 22:25 | Crear | Villager (Male) |
| 22:28 | Crear | Villager (Male) |
| 22:36 | Construir | Farm |
| 22:36 | Construir | Farm |
| 22:37 | Construir | Farm |
| 22:37 | Construir | Farm |
| 22:52 | Crear | Villager (Male) |
| 22:52 | Crear | Villager (Male) |
| 23:15 | Crear | Villager (Male) |
| 23:15 | Crear | Villager (Male) |
| 23:42 | Construir | Castle |
| 23:47 | Crear | Villager (Male) |
| 23:47 | Crear | Villager (Male) |
| 24:01 | Construir | Lumber Camp |
| 24:13 | Crear | Villager (Male) |
| 24:13 | Crear | Villager (Male) |
| 24:13 | Crear | Villager (Male) |
| 24:22 | Construir | Farm |
| 24:22 | Construir | Farm |
| 24:23 | Construir | Farm |
| 24:24 | Construir | Farm |
| 24:24 | Construir | Farm |
| 24:24 | Construir | Farm |
| 24:48 | Crear | Villager (Male) |
| 24:48 | Crear | Villager (Male) |
| 24:48 | Crear | Villager (Male) |
| 24:57 | Crear | Skirmisher |
| 24:57 | Crear | Skirmisher |
| 24:58 | Crear | Skirmisher |
| 25:18 | Construir | Town Center |
| 25:22 | Crear | Villager (Male) |
| 25:22 | Crear | Villager (Male) |
| 25:22 | Crear | Villager (Male) |
| 25:56 | Construir | Farm |
| 26:20 | Investigar | Wheelbarrow |
| 26:21 | Crear | Villager (Male) |
| 26:22 | Crear | Villager (Male) |
| 26:22 | Crear | Villager (Male) |
| 27:00 | Crear | Villager (Male) |
| 27:01 | Crear | Villager (Male) |
| 27:01 | Crear | Villager (Male) |
| 27:11 | Construir | Farm |
| 27:12 | Construir | Farm |
| 27:12 | Construir | Farm |
| 27:12 | Construir | Farm |
| 27:12 | Construir | Farm |
| 27:13 | Construir | Farm |
| 27:13 | Construir | Farm |
| 27:13 | Construir | Farm |
| 27:13 | Construir | Farm |
| 27:14 | Construir | Farm |
| 27:14 | Construir | Farm |
| 27:25 | Crear | Villager (Male) |
| 27:25 | Crear | Villager (Male) |
| 27:25 | Crear | Villager (Male) |
| 27:32 | Construir | Mining Camp |
| 27:53 | Investigar | Hand Cart |
| 27:54 | Crear | Villager (Male) ×5 |
| 28:08 | Investigar | Horse Collar |
| 28:26 | Crear | Villager (Male) |
| 28:47 | Crear | Skirmisher |
| 28:47 | Crear | Skirmisher |
| 28:47 | Crear | Skirmisher |
Cronología de la partida
| 7:52 | Chiliredhot · first_building Barracks |
| 9:18 | Limoncello · first_building Barracks |
| 9:23 | Chiliredhot · age_up feudal |
| 10:05 | Limoncello · age_up feudal |
| 11:27 | Chiliredhot · first_building Archery Range |
| 16:10 | Chiliredhot · first_building Stable |
| 17:29 | Chiliredhot · age_up castle |
| 17:48 | Limoncello · first_building Archery Range |
| 18:36 | Limoncello · first_market_sell 100 food |
| 18:39 | Limoncello · first_market_buy 100 wood |
| 18:50 | Limoncello · age_up castle |
| 23:42 | Limoncello · first_building Castle |
| 25:21 | Chiliredhot · first_building Castle |
| 26:32 | Chiliredhot · first_building Monastery |
| 32:39 | Limoncello · first_building Siege Workshop |
| 35:40 | Chiliredhot · age_up imperial |
| 36:05 | Limoncello · age_up imperial |
| 37:30 | Chiliredhot · first_building Siege Workshop |
| 58:13 | Chiliredhot · first_market_sell 500 food |
| 63:54 | Limoncello · wall_segment Stone Wall x24 |
| 70:08 | Limoncello · resign |
[ ANÁLISIS IA · 1 CRÉDITO ]
¿Qué pasó realmente en esta partida?
Wolo.gg analiza cada decisión: build order, eco, micro, errores típicos por bracket. Análisis personalizado por WhatsApp o Discord en 30 segundos.
Guía civ
Mongoles
Perfil
Jugador #24007724